 Dungeon Crawl Stone Soup version 0.27-a0-1502-g47ed6a6988 (webtiles) character file.

Game seed: 14045471080033938734

63 dolemite99 the Chopper (level 3, -1/31 HPs)
             Began as a Minotaur Monk on July 8, 2021.
             Was a Priest of Jiyva.
             Slain by an iguana (14 damage)
             ... on level 3 of the Dungeon.
             The game lasted 00:02:12 (2006 turns).

dolemite99 the Chopper (Minotaur Monk)              Turns: 2006, Time: 00:02:13

Health: -1/31      AC:  2    Str: 16    XL:     3   Next: 87%
Magic:  2/2        EV: 12    Int:  7    God:    Jiyva [***...]
Gold:   46         SH:  0    Dex: 12    Spells: 2/2 levels left

rFire    . . .     SeeInvis .   a - +0 hand axe
rCold    . . .     Faith    .   (no shield)
rNeg     . . .     Spirit   .   b - +0 robe
rPois    .         Reflect  .   (helmet restricted)
rElec    .         Harm     .   (no cloak)
rCorr    +         Rampage  .   (no gloves)
Will     .....                  (no boots)
Stlth    ++........             (no amulet)
HPRegen  0.10/turn              (no ring)
MPRegen  0.08/turn              (no ring)

@: no status effects
A: horns 2, retaliatory headbutt
a: Renounce Religion, Request Jelly


You were on level 3 of the Dungeon.
You worshipped Jiyva.
Jiyva was most pleased with you.
You visited 1 branch of the dungeon, and saw 3 of its levels.

You collected 46 gold pieces.

Inventory:

Hand Weapons
 a - a +0 hand axe (weapon)
Missiles
 g - 27 sling bullets
 k - 32 stones (quivered)
 l - 11 poisoned darts
Armour
 b - a +0 robe (worn)
Scrolls
 d - a scroll of fog {unknown}
 e - 2 scrolls of magic mapping {unknown}
 h - a scroll of enchant armour {unknown}
 i - a scroll of teleportation {unknown}
 j - a scroll of noise {unknown}
Potions
 c - a potion of brilliance {unknown}
 f - a potion of might {unknown}
 m - a potion of curing {unknown}


   Skills:
 - Level 3.6 Fighting
 + Level 5.9 Axes
 - Level 3.2 Dodging
 - Level 1.5 Stealth


You had 2 spell levels left.
You didn't know any spells.
Your spell library was empty.

Dungeon Overview and Level Annotations

Branches:
Dungeon (3/15)

Altars:
Jiyva

Shops:
D:1 *


Innate Abilities, Weirdness & Mutations

You have a pair of horns on your head.
You reflexively headbutt those who attack you in melee.


Message History

k - 33 stones (gained 1)
k - 34 stones (gained 1)
Found a stone staircase leading down.
k - 35 stones (gained 1) 2 orcs come into view.
The orc shouts! x2
There are monsters nearby!
You throw a stone. The stone barely misses the orc.
An iguana comes into view.
You throw a stone. The stone closely misses the orc.
The iguana hisses angrily.
You hear a shout!
An orc comes into view. It is wielding a +0 flail.
You throw a stone. The stone closely misses the orc.
You slash the orc!
You kill the orc!
You hit the orc. The orc hits you with a +0 club.
You hit the orc but do no damage. You headbutt the orc.
You kill the orc!
You barely miss the iguana. The iguana barely misses you.
You furiously retaliate!
You headbutt the iguana, but do no damage.
A bat comes into view.
The bat moves out of view.
You slash the iguana!
The iguana is heavily wounded.
The iguana barely misses you.
You closely miss the iguana.
The iguana is heavily wounded.
The iguana bites you.
You hit the iguana.
The iguana is severely wounded.
The iguana misses you.
You hit the iguana.
The iguana is almost dead.
The iguana bites you!
You hit the iguana but do no damage.
The iguana is almost dead.
The iguana hisses menacingly.
The iguana bites you!
You die...

##........##.##.#
##...####.........
##....###......####
#.......##.##### #
##....#.##.###### #
.###### ##......)......#
# ...(...
#.............# #
.(.....###..##.#.>.....#
#
.(....)ol@..##.........#
......)####.####.......#
....... #.# #..<....#
.###### .............#
.############# >
######## #.....<.
#....... #.##....


You could see an iguana and an orc.

Vanquished Creatures
  An adder (D:2)
  A worm (D:2)
  A dart slug (D:1)
  2 orcs (D:3)
  4 ball pythons
  An endoplasm (D:2)
  A giant cockroach (D:2)
  3 goblins
  5 hobgoblins
  8 jackals
  5 kobolds
  6 bats
  2 frilled lizards (D:2)
  A rat (D:1)
41 creatures vanquished.

Vanquished Creatures (others)
  2 endoplasms (D:2)
  A quokka (D:3)
  A bat (D:1)
4 creatures vanquished.

Grand Total: 45 creatures vanquished

Notes
Turn   | Place    | Note
-------+----------+-------------------------------------------
     0 | D:1      | dolemite99 the Minotaur Monk began the quest for the Orb.
     0 | D:1      | Reached XP level 1. HP: 19/19 MP: 0/0
    29 | D:1      | You fall into a shaft and drop 1 floor!
    87 | D:2      | Reached skill level 4 in Axes
   231 | D:2      | Reached XP level 2. HP: 20/26 MP: 1/1
   359 | D:1      | Found Utaojog's Assorted Antiques.
   698 | D:1      | Found a faded altar of an unknown god.
   704 | D:1      | Reached skill level 5 in Axes
   813 | D:1      | Became a worshipper of Jiyva Joanaun the Shapeless
   813 | D:1      | Reached * piety under Jiyva
   813 | D:1      | Reached ** piety under Jiyva
   845 | D:1      | Reached XP level 3. HP: 31/31 MP: 2/2
   942 | D:1      | Reached *** piety under Jiyva
  2006 | D:3      | Slain by an iguana

Illustrated notes

Levels and vault maps discovered:
D:1:      minmay_arrival_glassed_features, layout_basic, basic_ecumenical_altar,
          serial_shops, shop
D:2:      layout_rooms, hex_large, minmay_misc_feat_four_crosses,
          minmay_pentomino_o4
D:3:      layout_loops_cross, nicolae_tso_besieged_by_evil, patterned_corridor,
          uniq_terence, uniq_natasha

Skill      XL: |  1  2 |
---------------+-------+-----
Axes           | 4 5 |  5.9
Fighting       | |  3.6
Dodging        | |  3.2
Stealth        | |  1.5

Action                   || total
-------------------------++-------
Melee: Hand axe          ||    80
       Headbutt          ||     9
Throw: Stone             ||     7
 Stab: Sleeping          ||     2
Armor: Robe              ||    16
Dodge: Dodged            ||    49

Table legend: (Time is in decaauts)
 A = Elapsed time spent in this place.
 B = Non-inter-level travel time spent in this place.
 C = Inter-level travel time spent in this place.
 D = Time resting spent in this place.
 E = Time spent auto-exploring this place.
 F = Levels seen in this place.
 G = Mean time per level.
                   A        B        C        D        E       F      G
               +--------+--------+--------+--------+--------+-----+--------+
         Total |   2011 |   1944 |     67 |    415 |   1181 |   3 |  670.3 |
       Dungeon |   2011 |   1944 |     67 |    415 |   1181 |   3 |  670.3 |
               +--------+--------+--------+--------+--------+-----+--------+

Top non-repeatable levels by time:
     D:1: 987 daAuts
     D:2: 843 daAuts
     D:3: 180 daAuts
